 Dungeon Crawl Stone Soup version 0.31-a0-145-g046c7d2549 (webtiles) character file.

Game seed: 8851929081407347118

74 gelatine the Grave Robber (level 4, -2/30 HPs)
             Began as a Demonspawn Necromancer on June 6, 2023.
             Slain by a gnoll
             ... wielding a +0 whip
              (5 damage)
             ... on level 4 of the Dungeon.
             The game lasted 00:05:48 (2407 turns).

gelatine the Grave Robber (Demonspawn Necromancer)  Turns: 2407, Time: 00:05:49

Health: -2/30      AC:  2    Str:  8    XL:     4   Next: 9%
Magic:  3/8        EV: 12    Int: 18    God:
Gold:   165        SH:  0    Dex: 14    Spells: 5/9 levels left

rFire   . . .        n - +3 dagger
rCold   . . .        (no shield)
rNeg    . . .        a - +0 robe
rPois   .            (no helmet)
rElec   .            (no cloak)
rCorr   .            (no gloves)
SInv    .            (no boots)
Will    .....        (no amulet)
Stlth   ++           (no ring)
HPRegen 0.25/turn    (no ring)
MPRegen 0.22/turn

%: no passive effects
@: lethally poisoned (-2 -> -15)
A: foul stench 1, magic regeneration
a: no special abilities


You were on level 4 of the Dungeon.
You visited 1 branch of the dungeon, and saw 4 of its levels.

You collected 165 gold pieces.

Inventory:

Hand Weapons
 n - a +3 dagger (weapon)
Missiles
 j - 2 atropa-tipped darts
Armour
 a - a +0 robe (worn)
Magical Staves
 c - a staff of air
Scrolls
 e - 2 scrolls of identify {unknown}
 h - a scroll of vulnerability {unknown}
 i - 2 scrolls of teleportation {unknown}
 k - a scroll of enchant armour {unknown}
 l - a scroll of poison {unknown}
 o - a scroll of magic mapping {unknown}
 p - a scroll of fear {unknown}
Potions
 b - a potion of magic
 d - 5 potions of curing {unknown}
 f - a potion of invisibility {unknown}
 g - a potion of degeneration {unknown}
 m - a potion of haste {unknown}
 q - a potion of enlightenment {unknown}


   Skills:
 * Level 1.8 Dodging
 + Level 1.9 Stealth
 * Level 3.0 Spellcasting
 * Level 5.4 Necromancy
 * Level 0.3 Evocations


You had 5 spell levels left.
You knew the following spells:

 Your Spells              Type           Power      Damage    Failure   Level
a - Necrotise             Necr           88%        1d8       1%          1
b - Vampiric Draining     Necr           22%        2d7       5%          3

Your spell library contained the following spells:

 Spells                   Type           Power      Damage    Failure   Level
 Animate Dead             Necr           22%        N/A       17%         4
 Agony                    Necr           22%        N/A       43%         5


Dungeon Overview and Level Annotations

Branches:
Dungeon (4/15)
 Temple: D:4-7

Altars:
Hepliaklqana
Qazlal
Trog
Vehumet


Innate Abilities, Weirdness & Mutations

You may rarely emit foul miasma when damaged in melee.
You regenerate magic rapidly.


Message History

Done exploring.
There is a stone staircase leading down here.
You climb downwards.
There is a stone staircase leading up here.
An ogre and an orc come into view.
Found a stone staircase leading down.
The ogre shouts!
There is a stone staircase leading up here.
You climb upwards.
There is a stone staircase leading down here.
This spell is dangerous to cast!
Memorise Vampiric Draining, consuming 3 spell levels and leaving 5?
You start memorising the spell.
You continue memorising. x3
You finish memorising.
Spell assigned to 'b'.
You see here 2 stones.
There is a stone staircase leading down here.
You climb downwards.
The gnoll shouts! x2
Found a wooden wand.
There is a stone staircase leading up here.
The gnoll writhes in agony.
A gnoll comes into view. It is wielding a +0 whip.
The gnoll writhes in agony!
The gnoll writhes in agony.
A gnoll comes into view. It is wielding a +0 spear.
The gnoll writhes in agony.
The gnoll writhes in agony.
The gnoll hits you with a +0 whip!
The gnoll hits you from afar with a +0 halberd of venom.
You are poisoned.
The gnoll writhes in agony!
You feel very sick. The gnoll closely misses you.
The gnoll hits you from afar with a +0 halberd of venom!
* * * LOW HITPOINT WARNING * * *
You are more poisoned.
* * * LOW HITPOINT WARNING * * *
You feel very sick. The gnoll hits you but does no damage.
The gnoll barely misses you. The gnoll hits you with a +0 whip.
You die... #.# ###.## .#...## ..... #...# ggg

#g# #@#
#........
../######
.....
.......
.........
+.........+
#.........#


You could see 4 gnolls.

Vanquished Creatures
  2 adders
  A dart slug (D:1)
  5 endoplasms
  3 giant cockroaches
  2 goblins
  5 hobgoblins
  4 jackals (D:3)
  4 kobolds
  2 quokkas (D:1)
  4 ball pythons
  3 bats
  4 frilled lizards
  5 rats
44 creatures vanquished.

Vanquished Creatures (collateral kills)
  A worm (D:3)
  A frilled lizard (D:1)
  A rat (D:3)
3 creatures vanquished.

Grand Total: 47 creatures vanquished

Notes
Turn   | Place    | Note
-------+----------+-------------------------------------------
     0 | D:1      | gelatine the Demonspawn Necromancer began the quest for the
                  | Orb.
     0 | D:1      | Reached XP level 1. HP: 13/13 MP: 3/3
   229 | D:1      | Gained mutation: You regenerate magic rapidly. [demonic
                  | ancestry]
   229 | D:1      | Reached XP level 2. HP: 19/19 MP: 3/5
   455 | D:1      | Found a faded altar of an unknown god.
   626 | D:2      | Reached skill level 5 in Necromancy
  1014 | D:2      | Reached XP level 3. HP: 24/24 MP: 4/6
  1624 | D:3      | Found a stormy altar of Qazlal.
  1632 | D:3      | Found a bloodstained altar of Trog.
  1632 | D:3      | Found a radiant altar of Vehumet.
  1799 | D:3      | Found a hazy altar of Hepliaklqana.
  2102 | D:3      | Gained mutation: You may rarely emit foul miasma when
                  | damaged in melee. [demonic ancestry]
  2102 | D:3      | Reached XP level 4. HP: 30/30 MP: 5/8
  2325 | D:4      | Noticed an ogre
  2335 | D:3      | Learned a level 3 spell: Vampiric Draining
  2407 | D:4      | Slain by a gnoll

Illustrated notes

Levels and vault maps discovered:
D:1:      psy_arrival_terrarium, layout_rooms,
          dreamdust_ecumenical_altar_hidden_monk_grotto
D:2:      layout_basic
D:3:      layout_loops_ring, minitemple, lemuel_round_altar
D:4:      layout_loops_corners, minmay_temple_entry_enclosed_plants,
          st_stairs_9, uniq_robin, uniq_menkaure

Skill      XL: |  1  2  3  4 |
---------------+-------------+-----
Necromancy     | 5 |  5.4
Spellcasting   | 3 |  3.0
Dodging        | |  1.8
Stealth        | |  1.9
Evocations     | |  0.3

Action                     |  1- 3 |  4- 6 || total
---------------------------+-------+-------++-------
  Melee: Staff             |    11 |       ||    11
         Dagger            |     2 |       ||     2
   Cast: Necrotise         |    79 |    14 ||    93
 Armour: Robe              |     5 |     1 ||     6
  Dodge: Dodged            |    15 |     2 ||    17

Table legend: (Time is in decaauts)
 A = Elapsed time spent in this place.
 B = Non-inter-level travel time spent in this place.
 C = Inter-level travel time spent in this place.
 D = Time resting spent in this place.
 E = Time spent auto-exploring this place.
 F = Levels seen in this place.
 G = Mean time per level.
                   A        B        C        D        E       F      G
               +--------+--------+--------+--------+--------+-----+--------+
         Total |   2407 |   2267 |    140 |      0 |   1904 |   4 |  601.8 |
       Dungeon |   2407 |   2267 |    140 |      0 |   1904 |   4 |  601.8 |
               +--------+--------+--------+--------+--------+-----+--------+

Top non-repeatable levels by time:
     D:2: 973 daAuts
     D:3: 852 daAuts
     D:1: 565 daAuts
     D:4: 15 daAuts
